 Dungeon Crawl Stone Soup version 0.31-a0-246-g8cbcc1cb85 (webtiles) character file.

Game seed: 7978816944322019366

30 qw the Shooter (level 3, -2/21 HPs)
             Began as a Gargoyle Hexslinger on July 12, 2023.
             Slain by Sigmund
             ... wielding a +0 scythe
              (5 damage)
             ... on level 2 of the Dungeon.
             The game lasted 00:00:23 (830 turns).

qw the Shooter (Gargoyle Hexslinger)                 Turns: 830, Time: 00:00:23

Health: -2/21      AC:  8    Str: 11    XL:     3   Next: 20%
Magic:  4/4        EV: 11    Int: 13    God:
Gold:   80         SH:  0    Dex: 14    Spells: 3/4 levels left

rFire   . . .        Y - +1 sling
rCold   . . .        (no shield)
rNeg    + . .        f - +0 leather armour
rPois   inf          (no helmet)
rElec   +            (no cloak)
rCorr   .            (no gloves)
SInv    .            d - +1 pair of boots
Will    .....        (no amulet)
Stlth   +            (no ring)
HPRegen 0.23/turn    (no ring)
MPRegen 0.09/turn

%: no passive effects
@: confused
A: sickness immunity, AC +3, negative energy resistance 1, electricity
resistance, torment resistance 1, petrification resistance
a: no special abilities


You were on level 2 of the Dungeon.
You visited 1 branch of the dungeon, and saw 2 of its levels.

You collected 80 gold pieces.


Innate Abilities, Weirdness & Mutations

You are immune to sickness and miasma.
Your stone body is resilient. (AC +3)
You are immune to poison.
You resist negative energy. (rN+)
You are resistant to electric shocks. (rElec)
You are resistant to unholy torment.
You are immune to petrification.


   Skills:
 - Level 2.0 Fighting
 + Level 3.1 Ranged Weapons
 - Level 1.5 Dodging
 - Level 1.0 Spellcasting
 - Level 2.6 Hexes


You had 3 spell levels left.
You knew the following spells:

 Your Spells              Type           Power      Damage    Failure   Level
a - Slow                  Hex            28%        N/A       12%         1

Your spell library contained the following spells:

 Spells                   Type           Power      Damage    Failure   Level
 Inner Flame              Hex/Fire       4%         N/A       54%         3
 Portal Projectile        Hex/Tloc       8%         N/A       54%         3
 Cause Fear               Hex            3%         N/A       77%         4

Inventory:

Hand Weapons
 Y - a +1 sling (weapon)
Armour
 d - a +1 pair of boots (worn)
 f - a +0 leather armour (worn)
Scrolls
 a - a scroll of teleportation {unknown}
Potions
 g - a potion of haste {unknown}

Dungeon Overview and Level Annotations

Branches:
Dungeon (2/15)

Altars:

Annotations:
D:2 Sigmund


Message History

You are confused.
You shoot a sling bullet. You shoot a sling bullet. You shoot a sling bullet.
You hear some strange, mumbled words.
A puff of flame appears from out of thin air!
The puff of flame hits you. Something hits you.
You shoot a sling bullet. You shoot a sling bullet.
You feel less confused.
You hear some strange, mumbled words.
You are confused.
Something hits you.
You shoot a sling bullet. You shoot a sling bullet.
You hear some strange, mumbled words.
You are more confused.
You hear some strange, mumbled words.
You are more confused.
You shoot a sling bullet. Something hits you.
You shoot a sling bullet. Something hits you but does no damage.
You shoot a sling bullet.
A magic dart appears from out of thin air!
The magic dart hits you.
You shoot a sling bullet. Something hits you but does no damage.
You shoot a sling bullet. Something hits you.
You shoot a sling bullet. Something hits you but does no damage.
You shoot a sling bullet. You shoot a sling bullet.
Something hits you but does no damage.
You shoot a sling bullet. Something hits you but does no damage.
You shoot a sling bullet. Something hits you.
You die...

#.# #.# ####.# ##.##.#
##...#.# ######......#
............#####
####............#######
#####.......###.@.{...#
#............########%######
#.###.#.......# #.........#
#.###..#.#...## #.##.####.#
...##.#.#.#.## # #.##
......##.##.# #..# #..####
###.# ##.# #..# #.# ...# #.#


There were no monsters in sight!

Vanquished Creatures
  2 bats (D:1)
  6 endoplasms (D:1)
  3 giant cockroaches
  A goblin (D:1)
  3 hobgoblins
  4 kobolds (D:1)
  A quokka (D:1)
  2 ball pythons (D:1)
  A frilled lizard (D:1)
  2 rats (D:1)
25 creatures vanquished.

Notes
Turn   | Place    | Note
-------+----------+-------------------------------------------
     0 | D:1      | qw the Gargoyle Hexslinger began the quest for the Orb.
     0 | D:1      | Reached XP level 1. HP: 12/12 MP: 2/2
     0 | D:1      | 0 ||| qw: Version: 0.3-a-52-g30416fa
     0 | D:1      | 0 ||| qw: Game counter: 6454
     0 | D:1      | 0 ||| qw: Melee chars always use a shield: true
     0 | D:1      | 0 ||| qw: God list: Okawaru
     0 | D:1      | 0 ||| qw: Allow faded altars: false
     0 | D:1      | 0 ||| qw: Do Orc after clearing Dungeon:15 true
     0 | D:1      | 0 ||| qw: Do second Lair branch before Depths: true
     0 | D:1      | 0 ||| qw: Lair rune preference: random
     0 | D:1      | 0 ||| qw: Goals: Normal
     0 | D:1      | 0 ||| PLANNING D:1-11
   166 | D:1      | Reached XP level 2. HP: 16/16 MP: 3/3
   265 | D:1      | Reached skill level 3 in Ranged Weapons
   611 | D:1      | Reached XP level 3. HP: 21/21 MP: 4/4
   659 | D:1      | 659 ||| UPGRADING to +1 pair of boots.
   664 | D:1      | 664 ||| UPGRADING to +0 leather armour.
   674 | D:1      | 674 ||| DROPPING +0 robe.
   675 | D:1      | 675 ||| READING scroll labelled HOER MUCWAX.
   675 | D:1      | Identified a scroll of acquirement
   675 | D:1      | 675 ||| ACQUIRING +0 orcbow of freezing
   675 | D:1      | Acquired a +0 orcbow of freezing
   676 | D:1      | 676 ||| READING scroll labelled RIOKYF AQUAMO.
   677 | D:1      | 677 ||| DROPPING scroll of poison.
   800 | D:2      | Noticed Sigmund
   805 | D:2      | 805 ||| FLEEEEING.
   806 | D:2      | 806 ||| FLEEEEING.
   823 | D:2      | HP: 3/21 [something/magic dart (3)]
   830 | D:2      | Slain by Sigmund

Levels and vault maps discovered:
D:1:      spicycebolla_arrival_ecumenical, layout_loops_cross
D:2:      layout_loops_corners, uniq_sigmund

Skill      XL: |  1  2 |
---------------+-------+-----
Ranged Weapons | 3 |  3.1
Fighting       | 2 |  2.0
Dodging        | |  1.5
Spellcasting   | |  1.0
Hexes          | |  2.6

Action                     || total
---------------------------++-------
   Fire: Sling             ||    99
    Use: Scroll            ||     2
 Armour: Robe              ||    10
         Leather armour    ||     7
  Dodge: Dodged            ||    22

Table legend:
 A = Non-vault XP
 B = Vault XP
 C = Vault XP percentage of total XP
 D = Non-vault monster count
 E = Vault monster count
 F = Vault count percentage of total count
                 A         B        C        D         E       F
            +---------+---------+-------+---------+---------+-------
      Total |      44 |       0 |   0.0 |      25 |       0 |   0.0
            +---------+---------+-------+---------+---------+-------
        D:1 |      38 |       0 |   0.0 |      22 |       0 |   0.0
        D:2 |       6 |       0 |   0.0 |       3 |       0 |   0.0
            +---------+---------+-------+---------+---------+-------
